 Dungeon Crawl Stone Soup version 0.31-a0-240-gb923e448b6 (webtiles) character file.

Game seed: 14394962815219255403

98 qw the Shooter (level 4, -2/36 HPs)
             Began as a Minotaur Hexslinger on July 11, 2023.
             Slain by Sigmund
             ... wielding a +0 scythe of freezing
              (5 damage)
             ... on level 3 of the Dungeon.
             The game lasted 00:00:44 (1635 turns).

qw the Shooter (Minotaur Hexslinger)                Turns: 1635, Time: 00:00:44

Health: -2/36      AC:  2    Str: 12    XL:     4   Next: 44%
Magic:  4/4        EV: 12    Int: 10    God:
Gold:   53         SH:  5    Dex: 15    Spells: 4/5 levels left

rFire   . . .        Y - +2 sling
rCold   + . .        (no shield)
rNeg    . . .        c - +0 robe
rPois   .            (helmet restricted)
rElec   .            (no cloak)
rCorr   .            (no gloves)
SInv    .            (no boots)
Will    .....        k - amulet of reflection
Stlth   +            g - ring of protection from cold
HPRegen 0.26/turn    (no ring)
MPRegen 0.09/turn

%: reflection
@: no status effects
A: horns 2, retaliatory headbutt
a: no special abilities


You were on level 3 of the Dungeon.
You visited 1 branch of the dungeon, and saw 3 of its levels.

You collected 53 gold pieces.


Innate Abilities, Weirdness & Mutations

You have a pair of horns on your head.
You reflexively headbutt those who attack you in melee.


   Skills:
 + Level 2.0 Fighting
 - Level 5.0 Ranged Weapons
 - Level 2.1 Dodging
 - Level 1.0 Spellcasting
 - Level 2.0 Hexes


You had 4 spell levels left.
You knew the following spells:

 Your Spells              Type           Power      Damage    Failure   Level
a - Slow                  Hex            16%        N/A       16%         1

Your spell library contained the following spells:

 Spells                   Type           Power      Damage    Failure   Level
 Inner Flame              Hex/Fire       2%         N/A       56%         3
 Portal Projectile        Hex/Tloc       4%         N/A       56%         3
 Cause Fear               Hex            2%         N/A       83%         4

Inventory:

Hand Weapons
 Y - a +2 sling (weapon)
Armour
 a - a +0 leather armour
 c - a +0 robe (worn)
Jewellery
 g - a ring of protection from cold (left hand)
 k - an amulet of reflection (around neck)
Scrolls
 e - a scroll of identify
Potions
 d - a potion of haste {unknown}
 f - a potion of curing
 h - a potion of brilliance {unknown}
 i - 2 potions of enlightenment
 l - a potion of mutation {unknown}

Dungeon Overview and Level Annotations

Branches:
Dungeon (3/15)

Altars:

Annotations:
D:3 Sigmund


Message History

Sigmund is moderately wounded.
An adder comes into view.
You shoot a sling bullet. The sling bullet barely misses Sigmund.
The adder hisses angrily.
You shoot a sling bullet.
The sling bullet closely misses Sigmund.
Sigmund gestures at you while chanting.
You are confused.
1624 ||| DRINKING 2 potions of curing.
You feel better.
1624 ||| (to cure confusion)
You shoot a sling bullet. The sling bullet hits Sigmund.
Sigmund is heavily wounded.
Sigmund gestures wildly while chanting.
Sigmund flickers and vanishes!
Deactivating autopickup; reactivate with Ctrl-A.
You shoot a sling bullet.
The sling bullet closely misses the adder.
The adder barely misses you. You furiously retaliate!
You headbutt the adder. Something hits you!
You shoot a sling bullet.
The sling bullet closely misses the adder.
You block the adder's attack. The adder bites you. Something hits you!
You shoot a sling bullet. The sling bullet misses the adder.
The adder closely misses you.
You shoot a sling bullet. The sling bullet hits the adder!
You kill the adder!
Something completely misses you.
Your Ranged Weapons skill increases to level 5!
You shoot a sling bullet. Something hits you.
You shoot a sling bullet. Something hits you. Something freezes you.
You shoot a sling bullet. Something hits you.
You shoot a sling bullet. You shoot a sling bullet. Something hits you.
You shoot a sling bullet. Something hits you.
You die...

##.# #..# #..#
#..###################
#.......%............)
.##.##.###################
..............#
..##.###.####.#
#.......@%{.#
...####.#<#...... .# #.#.#
..... #.#.# ..". #.#.# ...
#.#.# .. #.#.# . #.#.#


There were no monsters in sight!

Vanquished Creatures
  An orc wizard (D:3)
  2 adders (D:3)
  2 worms
  3 orcs (D:3)
  2 endoplasms (D:1)
  4 goblins (D:1)
  A hobgoblin (D:1)
  A jackal (D:1)
  A quokka (D:1)
  9 ball pythons
  5 bats
  2 frilled lizards (D:1)
  4 kobolds
  12 rats
49 creatures vanquished.

Notes
Turn   | Place    | Note
-------+----------+-------------------------------------------
     0 | D:1      | qw the Minotaur Hexslinger began the quest for the Orb.
     0 | D:1      | Reached XP level 1. HP: 16/16 MP: 1/1
     0 | D:1      | 0 ||| qw: Version: 0.3-a-52-g30416fa
     0 | D:1      | 0 ||| qw: Game counter: 6115
     0 | D:1      | 0 ||| qw: Melee chars always use a shield: true
     0 | D:1      | 0 ||| qw: God list: Okawaru
     0 | D:1      | 0 ||| qw: Allow faded altars: false
     0 | D:1      | 0 ||| qw: Do Orc after clearing Dungeon:15 true
     0 | D:1      | 0 ||| qw: Do second Lair branch before Depths: true
     0 | D:1      | 0 ||| qw: Lair rune preference: random
     0 | D:1      | 0 ||| qw: Goals: Normal
     0 | D:1      | 0 ||| PLANNING D:1-11
    60 | D:1      | Reached skill level 3 in Ranged Weapons
    73 | D:1      | Reached XP level 2. HP: 23/23 MP: 2/2
   438 | D:1      | 438 ||| FLEEEEING.
   605 | D:1      | 605 ||| UPGRADING to ring of protection from cold.
   606 | D:1      | 606 ||| READING scroll labelled TETIAR QYL PIU.
   607 | D:1      | 607 ||| READING 3 scrolls labelled COUN ZAJIAR.
   608 | D:1      | 608 ||| DRINKING 2 fuming purple potions.
   609 | D:1      | 609 ||| READING 2 scrolls of identify.
   609 | D:1      | 609 ||| IDENTIFYING bubbling green potion
   610 | D:1      | 610 ||| DROPPING scroll of poison.
   898 | D:2      | Identified the staff of the Sneaky Xenops {Fragile rPois
                  | rF+ Dex+3 Poison}
   913 | D:2      | Reached XP level 3. HP: 29/29 MP: 3/3
  1301 | D:2      | Found a faded altar of an unknown god.
  1387 | D:2      | 1387 ||| UPGRADING to amulet of reflection.
  1392 | D:2      | 1392 ||| READING scroll labelled JEGOBL LUKE.
  1393 | D:2      | 1393 ||| READING 2 scrolls labelled BIYXTO HIMMEO.
  1394 | D:2      | 1394 ||| READING scroll labelled IDDIHU QO ROIZ.
  1395 | D:2      | 1395 ||| DROPPING scroll of amnesia.
  1431 | D:3      | 1431 ||| FLEEEEING.
  1432 | D:3      | 1432 ||| FLEEEEING.
  1433 | D:3      | 1433 ||| FLEEEEING.
  1434 | D:3      | 1434 ||| FLEEEEING.
  1436 | D:3      | 1436 ||| FLEEEEING.
  1437 | D:3      | 1437 ||| STAIRDANCE
  1479 | D:3      | Reached skill level 4 in Ranged Weapons
  1479 | D:3      | Reached XP level 4. HP: 36/36 MP: 4/4
  1619 | D:3      | Noticed Sigmund
  1624 | D:3      | 1624 ||| DRINKING 2 potions of curing.
  1624 | D:3      | 1624 ||| (to cure confusion)
  1630 | D:3      | Reached skill level 5 in Ranged Weapons
  1631 | D:3      | HP: 8/36 [something (5)]
  1634 | D:3      | HP: 2/36 [something (4)]
  1635 | D:3      | Slain by Sigmund

Levels and vault maps discovered:
D:1:      psy_arrival_terrarium, layout_loops_cross, corexii_leaking_fountain,
          minmay_ruptured
D:2:      layout_loops_ring, nicolae_ecumenical_snake_handling,
          chequers_arboretum, minmay_rat_gold_closets
D:3:      layout_basic, grunt_temple_overflow_holy_war, amcnicky_altar_gilded,
          mainiacjoe_overflow_alcove_2, uniq_sigmund

Skill      XL: |  1  2  3  4 |
---------------+-------------+-----
Ranged Weapons | 3 4 5 |  5.0
Fighting       | 2 |  2.0
Dodging        | |  2.1
Spellcasting   | |  1.0
Hexes          | |  2.0

Action                     |  1- 3 |  4- 6 || total
---------------------------+-------+-------++-------
   Fire: Sling             |   106 |    51 ||   157
    Use: Scroll            |     6 |       ||     6
         Potion            |     1 |     1 ||     2
 Armour: Robe              |     2 |     3 ||     5
  Dodge: Dodged            |    13 |    11 ||    24
  Block: Other             |       |     6 ||     6

Table legend:
 A = Non-vault XP
 B = Vault XP
 C = Vault XP percentage of total XP
 D = Non-vault monster count
 E = Vault monster count
 F = Vault count percentage of total count
                 A         B        C        D         E       F
            +---------+---------+-------+---------+---------+-------
      Total |     118 |      23 |  16.3 |      32 |      17 |  34.7
            +---------+---------+-------+---------+---------+-------
        D:1 |      32 |       6 |  15.8 |      21 |       4 |  16.0
        D:2 |       8 |      17 |  68.0 |       4 |      13 |  76.5
        D:3 |      78 |       0 |   0.0 |       7 |       0 |   0.0
            +---------+---------+-------+---------+---------+-------
